 Dungeon Crawl Stone Soup version 0.20-a0-61-ga1b20b4 (webtiles) character file.

410 Faca the Shield-Bearer (level 7, 0/54 HPs)
             Began as a Formicid Fighter on Nov 17, 2016.
             Slain by Dowan
             ... wielding a +8 dagger of venom
              (8 damage)
             ... on level 4 of the Dungeon.
             The game lasted 00:22:28 (3178 turns).

Faca the Shield-Bearer (Formicid Fighter)           Turns: 3178, Time: 00:22:29

Health: 0/54       AC:  8    Str: 20    XL:     7   Next: 13%
Magic:  7/7        EV:  9    Int:  8    God:
Gold:   121        SH: 10    Dex: 12    Spells: 0 memorised, 6 levels left

rFire  x . .     SeeInvis +     a - +1 long sword
rCold  + . .     Gourm    .     b - +0 scale mail
rNeg   . . .     Faith    .     c - +0 shield
rPois  .         Spirit   .     (helmet unavailable)
rElec  .         Reflect  .     p - +0 cloak
rCorr  .         Harm     +     (no gloves)
MR     .....                    (no boots)
Stlth  ..........               q - amulet of harm
                                (no ring)
                                i - ring of ice

@: no status effects
A: permanent stasis, dig shafts and tunnels, four strong arms, antennae 3
a: Dig, Shaft Self


You were on level 4 of the Dungeon.
You were not hungry.

You visited 1 branch of the dungeon, and saw 4 of its levels.

You collected 121 gold pieces.

Inventory:

Hand Weapons
 a - a +1 long sword (weapon)
Armour
 b - a +0 scale mail (worn)
 c - a +0 shield (worn)
 p - a +0 cloak (worn)
Jewellery
 i - a ring of ice (left hand)
 q - an amulet of harm (around neck)
Scrolls
 j - 3 scrolls of fear
Potions
 d - 2 potions of might
 e - a potion of heal wounds {unknown}
 g - a potion of cancellation {unknown}
 h - 2 potions of agility {unknown}
 l - a potion of berserk rage {unknown}
 n - a potion of haste {unknown}
 o - a potion of brilliance {unknown}
Comestibles
 f - 2 bread rations
 m - 2 meat rations


   Skills:
 + Level 4.1 Fighting
 + Level 4.5 Long Blades
 + Level 4.2 Armour
 + Level 1.5 Dodging
 + Level 0.3 Stealth
 + Level 5.6 Shields


You had 6 spell levels left.
You didn't know any spells.

Dungeon Overview and Level Annotations

Branches:
Dungeon (4/15)
 Temple: D:4-7

Altars:
Dithmenos
Ru

Annotations:
D:4 Dowan


Innate Abilities, Weirdness & Mutations

You are under a permanent stasis effect.
You can dig through walls and to a lower floor.
Your four strong arms can wield two-handed weapons with a shield.
You have a pair of large antennae on your head. (SInv)


Message History

You closely miss Dowan.
Dowan is lightly wounded.
Dowan hits you with a dagger of venom!
You are poisoned.
You hit Dowan.
Dowan is heavily wounded.
You feel sick. Dowan hits you with a dagger of venom.
* * * LOW HITPOINT WARNING * * *
You are lethally poisoned!
You block Dowan's attack.
You feel better. You block Dowan's attack.
Your shield and scale mail prevent you from hitting Dowan.
Dowan is heavily wounded.
Dowan casts a spell at you. The puff of flame hits you!
The fire burns you terribly!
* * * LOW HITPOINT WARNING * * *
You barely miss Dowan.
Dowan is heavily wounded.
Dowan hits you with a dagger of venom!
You die...

#...##.#####
#...##.#...#
#...##.##..####.#
#...##.....<....#+##
#(..######.#####...# ..
#...##.........+...##..
#........#######.......
######...#.............
#@#.# ........... #e###
###.....# #.# #.......#
#.#####.##†#####
#......<#......#
###########.#......#
#.....<# #.#......#
#......####.#......#
#.........#........#


You could see Dowan.

Vanquished Creatures
  Sigmund (D:3)
  An orc wizard (D:2)
  Crazy Yiuf (D:3)
  Jessica (D:3)
  Natasha (twice) (D:4)
  7 adders
  4 worms
  3 giant cockroaches
  4 goblins
  2 hobgoblins (D:3)
  3 jackals (D:1)
  4 kobolds
  2 quokkas
  2 ball pythons
  13 bats
  5 frilled lizards
  9 rats
64 creatures vanquished.

Notes
Turn   | Place    | Note
-------+----------+-------------------------------------------
     0 | D:1      | Faca the Formicid Fighter began the quest for the Orb.
     0 | D:1      | Reached XP level 1. HP: 18/18 MP: 1/1
   100 | D:1      | Reached XP level 2. HP: 21/24 MP: 2/2
   315 | D:1      | Reached skill level 4 in Shields
   441 | D:1      | Reached XP level 3. HP: 27/29 MP: 3/3
   662 | D:2      | Found a shadowy altar of Dithmenos.
  1073 | D:2      | Reached XP level 4. HP: 35/35 MP: 4/4
  1680 | D:2      | Found a sacrificial altar of Ru.
  1715 | D:2      | Reached skill level 1 in Dodging
  1725 | D:2      | Reached XP level 5. HP: 27/41 MP: 5/5
  2293 | D:3      | Found a runed door.
  2314 | D:3      | Noticed Sigmund
  2344 | D:3      | Killed Sigmund
  2344 | D:3      | Reached skill level 5 in Shields
  2344 | D:3      | Reached XP level 6. HP: 19/48 MP: 6/6
  2639 | D:3      | Noticed Jessica
  2667 | D:3      | Killed Jessica
  2915 | D:3      | Noticed Crazy Yiuf
  2922 | D:3      | Killed Crazy Yiuf
  3058 | D:4      | Noticed Natasha
  3064 | D:4      | Killed Natasha
  3064 | D:4      | Reached XP level 7. HP: 52/54 MP: 7/7
  3067 | D:4      | Noticed Natasha
  3075 | D:4      | Killed Natasha
  3150 | D:4      | Noticed Dowan
  3178 | D:4      | Slain by Dowan

Vault maps used:
D:1:      kennysheep_arrival_forest, minmay_tromino_v7
D:2:      grunt_dithmenos_smoke_and_mirrors, nicolae_ru_great_annihilating_truth
D:3:      first_bread, uniq_sigmund, uniq_jessica, uniq_crazy_yiuf_cottage
D:4:      serial_curves, eino_curves_03, eino_curves_01, minmay_ruined_shrine,
          uniq_eustachio, uniq_natasha, uniq_duvessa

Skill      XL: |  1  2  3  4  5  6 |
---------------+-------------------+-----
Shields        | 4 5 |  5.6
Dodging        | 1 |  1.5
Long Blades    | 3 4 |  4.5
Armour         | 4 |  4.2
Fighting       | 4 |  4.1
Stealth        | |  0.3

Action                   |  1- 3 |  4- 6 |  7- 9 || total
-------------------------+-------+-------+-------++-------
Melee: Long sword        |   106 |   188 |    33 ||   327
  Use: Scroll            |     2 |     6 |     1 ||     9
       Potion            |       |       |     2 ||     2
 Stab: Invisible         |       |     1 |       ||     1
  Eat: Meat ration       |     1 |       |       ||     1
       Bread ration      |       |     1 |       ||     1
Armor: Scale mail        |    70 |    66 |     7 ||   143
Dodge: Dodged            |    40 |    49 |     8 ||    97
Block: Shield            |    65 |   101 |    12 ||   178
       Rpst.: Long sword |    15 |    15 |     4 ||    34
